 Dungeon Crawl Stone Soup version 0.28.0-1-gb440e238dd (webtiles) character file.

Game seed: 15368879644124983759

3 Zeldest the Caller (level 1, -3/9 HPs)
             Began as a Vine Stalker Summoner on Feb 21, 2022.
             Slain by a kobold (4 damage)
             ... on level 1 of the Dungeon.
             The game lasted 00:00:27 (44 turns).

Zeldest the Caller (Vine Stalker Summoner)            Turns: 44, Time: 00:00:28

Health: -3/9       AC:  2    Str: 10    XL:     1   Next: 50%
Magic:  0/4        EV: 12    Int: 15    God:
Gold:   0          SH:  0    Dex: 14    Spells: 3/4 levels left

rFire   . . .      SeeInvis .   (no weapon)
rCold   . . .      Faith    .   (no shield)
rNeg    . . .      Spirit   +   a - +0 robe
rPois   .          Reflect  .   (no helmet)
rElec   .          Harm     .   (no cloak)
rCorr   .          Rampage  .   (no gloves)
Will    .....                   (no boots)
Stlth   ++........              (no amulet)
HPRegen 0.03/turn               (no ring)
MPRegen 0.09/turn               (no ring)

@: no status effects
A: fangs 2, magic shield, antimagic bite, no potion heal 2
a: no special abilities


You were on level 1 of the Dungeon.
You visited 1 branch of the dungeon, and saw 1 of its levels.

Inventory:

Armour
 a - a +0 robe (worn)


   Skills:
 + Level 0.2 Fighting
 - Level 1.5 Dodging
 - Level 2.4 Stealth
 + Level 0.3 Unarmed Combat
 - Level 2.1 Spellcasting
 + Level 4.0 Summonings


You had 3 spell levels left.
You knew the following spells:

 Your Spells              Type           Power      Damage    Failure   Level
a - Summon Small Mammal   Summ           52%        N/A       4%          1

Your spell library contained the following spells:

 Spells                   Type           Power      Damage    Failure   Level
 Call Imp                 Summ           13%        N/A       6%          2
 Call Canine Familiar     Summ           13%        N/A       12%         3
 Summon Guardian Golem    Hex/Summ       7%         N/A       28%         3
 Summon Lightning Spire   Summ/Air       7%         N/A       67%         4


Dungeon Overview and Level Annotations

Branches:
Dungeon (1/15)

Altars:


Innate Abilities, Weirdness & Mutations

You have extremely sharp teeth.
When hurt, damage is shared between your health and your magic reserves.
Your bite disrupts and absorbs the magic of your enemies.
Potions cannot restore your health.


Message History

You feel invigorated.
The jackal is severely wounded.
The jackal completely misses your quokka.
The jackal barely misses you.
Your quokka bites the jackal.
The jackal dies!
The kobold closely misses you. Something barely misses your quokka.
The jackal bites you but does no damage.
You aren't carrying any scrolls.
You aren't carrying any potions.
You aren't carrying any scrolls.
Casting: Summon Small Mammal (safe; 4% risk of failure)
Confirm with . or Enter, or press ? or * to list all spells.
Nothing appears to happen.
Your bat hits the kobold but does no damage.
The goblin hits your bat with a +0 club.
Your bat dies!
Your bat's corpse disappears in a puff of smoke!
The jackal bites you. The kobold barely misses you.
You completely miss the jackal. Your bite misses the jackal.
The jackal is severely wounded.
The jackal barely misses you.
The goblin hits your quokka with a +0 club.
Your quokka barely misses the kobold.
The goblin hits your quokka but does no damage.
The kobold hits you with a +0 whip.
* * * LOW HITPOINT WARNING * * *
Your magical contamination has completely faded away.
You barely miss the jackal. Your bite misses the jackal.
The jackal is severely wounded.
The jackal closely misses you.
Your quokka bites the kobold.
The kobold dies!
A jackal comes into view.
The jackal bites you.
The goblin hits your quokka but does no damage.
The kobold closely misses you.
Your quokka closely misses the goblin.
You barely miss the jackal. You bite the jackal.
You kill the jackal!
The jackal closely misses your quokka. The goblin closely misses your quokka.
The kobold hits you with a +0 whip.
You die...

....##.###
####.##.##
.........#
.#.#.##..#
#.##..#
#r##..#
#S##..#
#K##..#
#@g)r.#
#.####hg#
....h...#
#.####r.#
#..# #..#
...# #####


You could see a quokka, a jackal, 2 goblins, a ball python, a kobold and a
friendly quokka (summoned).

Vanquished Creatures
  A jackal (D:1)
  A ball python (D:1)
2 creatures vanquished.

Vanquished Creatures (collateral kills)
  A jackal (D:1)
  A kobold (D:1)
2 creatures vanquished.

Grand Total: 4 creatures vanquished

Notes
Turn   | Place    | Note
-------+----------+-------------------------------------------
     0 | D:1      | Zeldest the Vine Stalker Summoner began the quest for the
                  | Orb.
     0 | D:1      | Reached XP level 1. HP: 9/9 MP: 4/4
    44 | D:1      | Slain by a kobold

Illustrated notes

Levels and vault maps discovered:
D:1:      amcnicky_arrival_flooded_fountain, layout_loops_ring,
          basic_ecumenical_altar

Action                   || total
-------------------------++-------
Melee: Unarmed           ||     8
       Bite              ||     3
 Cast: Summon Small Mamm ||     4
Armor: Robe              ||     3
Dodge: Dodged            ||    18
